 Dungeon Crawl Stone Soup version 0.27.1-34-g3ba077fa99 (webtiles) character file.

Game seed: 7898068631315781658

2156 wrhowe the Cleaver (level 9, -1/74 (75) HPs)
             Began as a Minotaur Berserker on Jan 13, 2022.
             Was an Elder of Trog.
             Slain by a wight (5 damage)
             ... on level 7 of the Dungeon.
             The game lasted 00:39:10 (5551 turns).

wrhowe the Cleaver (Minotaur Berserker)             Turns: 5551, Time: 00:39:10

HP:   -1/74 (75)    AC: 15    Str: 26    XL:     9   Next: 10%
MP:   8/8           EV:  8    Int:  4    God:    Trog [****..]
Gold: 115           SH:  4    Dex:  9    Spells: 8/8 levels left

rFire    . . .     SeeInvis .   a - +1 hand axe
rCold    . . .     Faith    .   c - +0 buckler
rNeg     . . .     Spirit   .   k - +1 plate armour
rPois    .         Reflect  .   (helmet restricted)
rElec    .         Harm     .   (no cloak)
rCorr    +         Rampage  .   h - +0 pair of gloves
Will     .....                  (no boots)
Stlth    ..........             (no amulet)
HPRegen  0.22/turn              m - ring of resist corrosion
MPRegen  0.11/turn              (no ring)

@: on berserk cooldown, hasted and slowed, lightly drained
A: horns 2, retaliatory headbutt
a: Renounce Religion, Berserk, Trog's Hand, Brothers in Arms


You were on level 7 of the Dungeon.
You worshipped Trog.
Trog was greatly pleased with you.
You visited 2 branches of the dungeon, and saw 8 of its levels.
You also visited: Sewer.

You collected 232 gold pieces.
You spent 117 gold pieces at shops.

Inventory:

Hand Weapons
 a - a +1 hand axe (weapon)
 j - a +2 mace of holy wrath
 o - a +1 spear of flaming
Missiles
 g - 5 javelins
 p - 2 boomerangs (quivered)
 v - 19 poisoned darts
Armour
 b - a +0 animal skin
 c - a +0 buckler (worn)
 e - a +0 ring mail
 h - a +0 pair of gloves (worn)
 k - a +1 plate armour (worn)
Jewellery
 m - a ring of resist corrosion (left hand)
Wands
 q - a wand of polymorph (10)
 s - a wand of paralysis (5)
 t - a wand of iceblast (5)
 y - a wand of digging (7)
Scrolls
 f - 2 scrolls of teleportation
 r - 2 scrolls of identify
Potions
 d - 3 potions of flight
 i - 3 potions of might
 l - 3 potions of curing
 n - 2 potions of ambrosia
 w - a potion of berserk rage
 x - a potion of haste


   Skills:
 + Level 5.9 Fighting
 * Level 10.4 Axes
 * Level 3.7 Throwing
 + Level 6.3 Armour
 + Level 3.2 Dodging
 + Level 0.9 Stealth
 + Level 2.7 Shields
 * Level 2.0 Evocations


You had 8 spell levels left.
You didn't know any spells.
Your spell library was empty.

Dungeon Overview and Level Annotations

Branches:
Dungeon (7/15)             Temple (1/1) D:4           Sewer (visited)

Altars:
Elyvilon
Makhleb
Uskayaw
Zin
The Shining One

Shops:
D:5 !

Annotations:
D:7 1 transporter


Innate Abilities, Weirdness & Mutations

You have a pair of horns on your head.
You reflexively headbutt those who attack you in melee.


Message History

Your Axes skill increases to level 10!
Your Armour skill increases to level 6!
You have reached level 9!
Your experience leads to an increase in your attributes!
Increase (S)trength, (I)ntelligence, or (D)exterity?
You feel stronger.
You are too berserk!
You hit the water moccasin. You headbutt the water moccasin.
You kill the water moccasin!
Trog accepts your kill.
* * * LOW HITPOINT WARNING * * *
You feel sick. The wight hits you but does no damage.
The wight zaps a wand.
You hear a grinding noise.
Your Evocations skill increases to level 2!
Things that are here:
a +0 dagger; a +0 leather armour You feel a strong urge to attack something.
* * * LOW HITPOINT WARNING * * *
You feel sick.
* * * LOW HITPOINT WARNING * * *
You feel sick.
You feel your anger nearly subside.
You are no longer berserk.
You are exhausted.
You feel yourself slow down.
You feel better.
The wight hits you from afar with a +0 trident!
* * * LOW HITPOINT WARNING * * *
The wight zaps a wand.
Some rock shatters into small pieces.
You hear a zap.
You hear a grinding noise.
You feel better.
The wight hits you from afar with a +0 trident.
* * * LOW HITPOINT WARNING * * *
You feel drained.
* * * LOW HITPOINT WARNING * * *
You feel yourself speed up.
The wight hits you from afar with a +0 trident.
* * * LOW HITPOINT WARNING * * *
The wight zaps a wand.
Some rock shatters into small pieces.
A necrophage comes into view.
The wight hits you from afar with a +0 trident.
You die...

. #......# ##
# ##....#.#
#..$....#
#..#.#....#.#
.#.......zz..#
.#.####.#z.###
.#.##.#.#z## .
......#.#####
.......@n...+
...##.#######
#. #.# # #.


You could see a necrophage and 4 wights.

Vanquished Creatures
  A deep elf pyromancer (D:7)
  A water moccasin (D:7)
  2 ice beasts (D:6)
  A black bear (D:6)
  A necrophage (D:4)
  4 ogres
  A centaur (D:7)
  A kobold brigand (D:6)
  A bullfrog (Sewer)
  A water moccasin zombie (D:6)
  A wight (D:6)
  2 bullfrog zombies
  2 jellies
  4 hounds
  Crazy Yiuf (D:2)
  An iguana (D:5)
  A hound zombie (D:5)
  4 gnolls (D:6)
  A howler monkey skeleton (D:4)
  12 adders
  A worm (D:4)
  4 dart slugs
  6 orcs
  18 endoplasms
  12 giant cockroaches
  10 goblins
  6 hobgoblins
  17 quokkas
  25 ball pythons
  4 bats
  10 frilled lizards
  7 kobolds
  7 rats
170 creatures vanquished.

Notes
Turn   | Place    | Note
-------+----------+-------------------------------------------
     0 | D:1      | wrhowe the Minotaur Berserker began the quest for the Orb.
     0 | D:1      | Reached XP level 1. HP: 19/19 MP: 0/0
   123 | D:1      | Reached XP level 2. HP: 26/27 MP: 1/1
   215 | D:1      | Reached skill level 4 in Axes
   564 | D:2      | Reached XP level 3. HP: 33/33 MP: 2/2
   565 | D:2      | Reached ** piety under Trog
  1218 | D:2      | Found a runed translucent door.
  1219 | D:2      | Noticed Crazy Yiuf
  1226 | D:2      | Killed Crazy Yiuf
  1227 | D:2      | Reached skill level 5 in Axes
  1227 | D:2      | Reached XP level 4. HP: 41/41 MP: 3/3
  2114 | D:4      | Reached XP level 5. HP: 45/47 MP: 4/4
  2122 | D:4      | Noticed an ogre
  2127 | D:4      | Killed an ogre
  2128 | D:4      | Reached skill level 6 in Axes
  2203 | D:4      | Noticed an ogre
  2207 | D:4      | Killed an ogre
  2208 | D:4      | Reached skill level 1 in Shields
  2208 | D:4      | Reached XP level 6. HP: 33/55 MP: 5/5
  2364 | D:4      | Found a staircase to the Ecumenical Temple.
  2401 | Temple   | Entered the Ecumenical Temple
  2664 | D:4      | Reached skill level 5 in Fighting
  2664 | D:4      | Reached skill level 7 in Axes
  2746 | D:4      | Found a white marble altar of Elyvilon.
  2746 | D:4      | Found a glowing silver altar of Zin.
  2746 | D:4      | Found a glowing golden altar of the Shining One.
  2760 | D:4      | Noticed a +0 dagger
  2760 | D:4      | Noticed a +0 short sword
  2760 | D:4      | Noticed a +0 spear
  2761 | D:4      | Noticed a +0 spear
  2761 | D:4      | Noticed a +0 falchion
  2762 | D:4      | Noticed a +0 falchion
  2763 | D:4      | Noticed a +0 short sword
  2764 | D:4      | Noticed a +0 dagger
  2768 | D:4      | Found a hide-covered altar of Uskayaw.
  2795 | D:4      | Reached XP level 7. HP: 25/61 MP: 6/6
  3083 | D:5      | Entered Level 5 of the Dungeon
  3173 | D:5      | Reached skill level 1 in Throwing
  3179 | D:5      | Reached *** piety under Trog
  3377 | D:5      | Found Deaxott's Distillery.
  3384 | D:5      | Bought a potion of degeneration for 13 gold pieces
  3384 | D:5      | Bought a potion of heal wounds for 65 gold pieces
  3384 | D:5      | Bought a potion of lignification for 39 gold pieces
  3567 | D:6      | Reached skill level 8 in Axes
  3583 | D:6      | Found a burning altar of Makhleb.
  3629 | D:6      | Found a glowing drain.
  3651 | Sewer    | Entered a sewer
  3963 | Sewer    | Reached skill level 5 in Armour
  4094 | Sewer    | Reached **** piety under Trog
  4430 | D:6      | HP: 1/61 [gnoll (3)]
  4435 | D:6      | Reached XP level 8. HP: 34/68 MP: 7/7
  4438 | D:6      | Reached skill level 9 in Axes
  5249 | D:6      | Reached skill level 1 in Evocations
  5513 | D:7      | Found a transporter.
  5513 | D:7      | Noticed a deep elf pyromancer
  5534 | D:7      | HP: 5/100 [wight (1)]
  5535 | D:7      | Killed a deep elf pyromancer
  5536 | D:7      | Reached skill level 10 in Axes
  5536 | D:7      | Reached XP level 9. HP: 4/75 MP: 8/8
  5539 | D:7      | HP: 2/112 [poisoned by a water moccasin]
  5545 | D:7      | HP: 3/74 [wight (1)]
  5551 | D:7      | Slain by a wight

Illustrated notes

Levels and vault maps discovered:
D:1:      dpeg_arrival_stonehenge_12_columns, layout_basic
D:2:      cheibrodos_helix_gallery, layout_loops_ring,
          hangedman_decor_diamond_cutter, uniq_crazy_yiuf_cottage
D:3:      layout_loops_ring
D:4:      layout_basic, good_gods_mini_temple, nicolae_uskayaw_en_pointe,
          minmay_temple_entry_slanted
D:5:      layout_basic, mainiacjoe_overflow_surrounded_room, serial_shops,
          nicolae_square_shop, supply_closet_lemuel, amethyst_killhole
D:6:      layout_loops_cross, mainiacjoe_overflow_six_doors_small,
          portal_sewer_entry_a, chequers_serial_rivers_micro_c,
          minmay_diced_spiral
D:7:      layout_basic, nzn_wu_jian_contemplation, grunt_gozag_breadcrumbs,
          nicolae_dithmenos_through_a_glass_darkly, gammafunk_temple_of_torment,
          minmay_misc_feat_five, minmay_shattered_shrine, uniq_maggie,
          uniq_pikel, uniq_duvessa
Temple:   corrupted_temple

Skill      XL: |  1  2  3  4  5  6  7  8  9 |
---------------+----------------------------+-----
Fighting       | 4 5 |  5.9
Axes           | 4 5 6 7 8 10 | 10.4
Armour         | 3 4 5 6 |  6.3
Shields        | 1 2 |  2.7
Dodging        | 3 |  3.2
Throwing       | 1 3 |  3.7
Evocations     | 1 2 |  2.0
Stealth        | |  0.9

Action                   |  1- 3 |  4- 6 |  7- 9 || total
-------------------------+-------+-------+-------++-------
Melee: Hand axe          |    83 |    88 |   241 ||   412
       Headbutt          |    14 |    25 |    42 ||    81
       Mace              |       |     4 |       ||     4
Throw: Boomerang         |       |       |     9 ||     9
       Javelin           |       |       |     5 ||     5
Invok: Berserk           |     1 |     1 |     2 ||     4
  Use: Scroll            |       |     9 |     8 ||    17
       Potion            |       |       |     6 ||     6
Armor: Animal skin       |     8 |       |       ||     8
       Ring mail         |     2 |     1 |       ||     3
       Plate armour      |       |    33 |   124 ||   157
Dodge: Dodged            |    28 |    24 |    73 ||   125
Block: Buckler           |    11 |    12 |    40 ||    63
